Map: King Sejong Station LE

Players

FrozenFire

  • Race: Protoss Protoss
  • Spawn Location: 5:00

Amix - Winner!

  • Race: Zerg Zerg
  • League: Platinum
  • Spawn Location: 11:00

VOD

Have the link to the VOD?

Description

Time

  • Played on: Nov. 16, 2016, 4:23 p.m.
  • Length: 5:24
Show
View Real Time Build Order
Export as new Build Order

FrozenFire Protoss 

Build Orders: 1 Gate Expand 

Get SALT Encoding   

  12  0:01  Probe (Chrono Boost)  
  13  0:11  Probe (Chrono Boost)  
  14  0:18  Pylon  
  14  0:22  Probe (Chrono Boost)  
  15  0:36  Probe (Chrono Boost)  
  15  0:38  Gateway  
  16  0:45  Assimilator  
  16  0:47  Probe (Chrono Boost)  
  17  0:58  Probe (Chrono Boost)  
  18  1:10  Probe (Chrono Boost)  
  19  1:21  Probe (Chrono Boost)  
  19  1:25  Cybernetics Core  
  20  1:36  Nexus  
  20  1:43  Pylon  
  20  1:47  Probe (Chrono Boost)  
  21  1:58  Probe (Chrono Boost), Adept  
  24  2:13  Probe  
  24  2:15  Warp Gate (Chrono Boost)  
  25  2:19  Assimilator  
  25  2:25  Probe  
  26  2:37  Probe  
  26  2:38  Gateway  
  27  2:47  Probe  
  27  2:49  Probe  
  29  2:54  Twilight Council  
  29  2:56  Pylon  
  29  2:57  Mothership Core  
  31  3:10  Probe  
  32  3:13  Assimilator  
  32  3:17  Probe  
  33  3:25  Probe  
  34  3:35  Gateway  
  34  3:36  Probe, Gateway  
  34  3:37  Probe  
  34  3:38  Robotics Facility  
  36  3:45  Forge  
  36  3:46  Probe  
  37  3:48  Pylon  
  37  3:49  Probe  
  38  3:57  Probe  
  38  4:02  Probe  
  40  4:05  Assimilator  
  40  4:07  Probe  
  41  4:15  Probe  
  42  4:23  Probe  
  42  4:27  Probe  
  44  4:33  Probe  
  44  4:35  Observer  
  44  4:37  Gateway  
  46  4:40  Probe, Gateway  
  47  4:49  Probe  
  47  4:52  Probe  
  49  4:59  Probe  
  49  5:02  Forge  
  50  5:10  Photon Cannon  
  50  5:13  Stalker x3  
  50  5:14  Stalker  
Show
View Real Time Build Order
Export as new Build Order

Amix Zerg - Winner!

Build Orders: Hatch First 

Get SALT Encoding   

  12  0:01  Drone  
  13  0:09  Drone  
  14  0:16  Overlord  
  14  0:25  Extractor  
  14  0:26  Drone  
  14  0:34  Drone  
  16  0:35  Drone  
  17  0:55  Hatchery  
  16  0:57  Drone  
  17  1:11  Spawning Pool  
  17  1:13  Drone  
  17  1:17  Extractor  
  16  1:18  Drone  
  17  1:26  Drone  
  17  1:28  Drone  
  19  1:38  Overlord  
  19  1:48  Drone  
  20  1:59  Drone  
  21  2:04  Queen  
  23  2:12  Queen  
  25  2:19  Drone x3  
  28  2:26  Drone  
  28  2:29  Drone  
  30  2:32  Metabolic Boost  
  30  2:35  Drone  
  31  2:43  Queen  
  33  2:44  Drone x2  
  33  2:50  Drone  
  36  2:58  Overlord  
  35  3:16  Pneumatized Carapace  
  35  3:18  Queen  
  37  3:23  Zergling x10  
  42  3:35  Evolution Chamber  
  42  3:36  Zergling x6  
  42  3:38  Overlord x4  
  44  3:56  Zergling x10  
  44  3:58  Zergling x2  
  44  3:59  Zergling x4  
  51  4:05  Zergling x4  
  53  4:10  Queen  
  55  4:38  Queen  
  55  4:39  Zergling x2  
  55  4:40  Zergling x12  
  64  4:46  Queen  
  64  4:51  Zergling x6  
  68  4:55  Zergling x6  
Tags
 
Add a new tag
Caveats
  • Supply blocks, unpowered buildings, or Contaminate may cause inaccurate times.
  • Supply counts are checked every 10 seconds.